 Dungeon Crawl Stone Soup version 0.18-a0-1347-gb9e2fb4 (webtiles) character file.

74 Duffy the Shield-Bearer (level 4, 35/35 HPs)
             Began as a Formicid Fighter on Feb 17, 2016.
             Quit the game on level 2 of the Dungeon.
             The game lasted 00:01:04 (1194 turns).

Duffy the Shield-Bearer (Formicid Fighter)          Turns: 1194, Time: 00:01:05

Health: 35/35      AC:  6    Str: 20    XL:     4   Next: 54%
Magic:  4/4        EV:  8    Int:  8    God:
Gold:   111        SH: 10    Dex: 11    Spells: 0 memorised, 3 levels left

rFire  . . .     SeeInvis +     a - +0 war axe
rCold  . . .     Gourm    .     b - +0 scale mail
rNeg   . . .     Faith    .     c - +0 shield
rPois  .         Spirit   .     (helmet unavailable)
rElec  .         Dismiss  .     (no cloak)
rCorr  .         Reflect  .     (no gloves)
SustAt .         Harm     .     (no boots)
MR     .....                    h - amulet of regeneration
Stlth  ..........               (no ring)
                                (no ring)

@: not resistant to hostile enchantments, extremely unstealthy
A: permanent stasis, dig shafts and tunnels, four strong arms, antennae 3
a: Dig, Shaft Self


You were on level 2 of the Dungeon.
You were not hungry.

You visited 1 branch of the dungeon, and saw 2 of its levels.

You collected 111 gold pieces.


Innate Abilities, Weirdness & Mutations

You are under a permanent stasis effect.
You can dig through walls and to a lower floor.
Your four strong arms can wield two-handed weapons with a shield.
You have a pair of large antennae on your head (SInv).


   Skills:
 - Level 3.2 Fighting
 + Level 3.4 Axes
 - Level 3.2 Armour
 + Level 5.0 Shields


You had 3 spell levels left.
You didn't know any spells.

Inventory:

Hand Weapons
 a - a +0 war axe (weapon)
Missiles
 e - 33 poisoned needles
Armour
 b - a +0 scale mail (worn)
 c - a +0 shield (worn)
Jewellery
 h - an amulet of regeneration (around neck)
Scrolls
 j - a scroll of remove curse {unknown}
 k - a scroll of noise {unknown}
 l - 3 scrolls of enchant armour {unknown}
 m - a scroll of recharging {unknown}
Potions
 d - a potion of might
 n - a potion of haste {unknown}
 p - a potion of invisibility {unknown}
 q - a potion of degeneration {unknown}
Comestibles
 f - a bread ration
 g - 6 fruits
 i - 2 meat rations
 o - 3 chunks of flesh

Dungeon Overview and Level Annotations

Branches:
Dungeon (2/15)

Altars:
Ru


Message History

You miss the quokka.
The quokka is heavily wounded.
You block the quokka's attack. The quokka bites you.
You hit the quokka.
You kill the quokka!
Your Shields skill increases to level 5!
No target in view!
No target in view!
No target in view!
No target in view!
No target in view!
No target in view!
No target in view!
No target in view!
No target in view!
No target in view!
No target in view!
No target in view!
No target in view!
No target in view!
No target in view!
No target in view!
No target in view!
No target in view!
No target in view!
No target in view!
You see here a giant newt corpse.
You butcher the giant newt corpse.
o - 3 chunks of flesh (gained 1)
You see here a giant newt skeleton.
e - 33 poisoned needles (gained 14)
Found 20 sling bullets.
A giant newt comes into view.
A giant newt is nearby!
Are you sure you want to abandon this character and quit the game? (Confirm with "yes".)

.#####
#.# .#
###.#
.#
#...#
.#
#.###
.# #.#
.# #.#
.# #.#
#.#
#@#
#....#
...#.#
##.(.
#
#.#.#
#.#.#
#.#l#
#.#..


You could see a giant newt.

Action                   |  1- 3 |  4- 6 || total
-------------------------+-------+-------++-------
Melee: War axe           |    83 |    14 ||    97
 Stab: Paralysed         |       |     2 ||     2
  Eat: Chunk             |     1 |       ||     1

Notes
Turn   | Place    | Note
--------------------------------------------------------------
     0 | D:1      | Duffy the Formicid Fighter began the quest for the Orb.
     0 | D:1      | Reached XP level 1. HP: 18/18 MP: 1/1
   146 | D:1      | Reached XP level 2. HP: 24/24 MP: 2/2
   160 | D:1      | Reached skill level 4 in Shields
   973 | D:2      | Reached XP level 3. HP: 29/29 MP: 3/3
  1049 | D:2      | Found a sacrificial altar of Ru.
  1071 | D:2      | Reached skill level 3 in Axes
  1071 | D:2      | Reached XP level 4. HP: 30/35 MP: 4/4
  1132 | D:2      | Reached skill level 5 in Shields
  1194 | D:2      | Quit the game

Vault maps used:
D:1:      minmay_arrival_cross, serial_bayou_lake_a
D:2:      tso_oasis_becter, st_stairs_9, nicolae_ru_great_annihilating_truth

Vanquished Creatures
  An orc wizard
  2 adders
  An ooze
  2 worms
  A giant cockroach
  3 goblins
  2 quokkas
  A ball python
  4 bats
  3 giant newts
  2 kobolds
  2 rats
24 creatures vanquished.
